 Dungeon Crawl Stone Soup version 0.25.1-8-g42b30a86e7 (webtiles) character file.

Game seed: 9296666030151163660

43848 Clowwww the Severer (level 14, 0/113 HPs)
             Began as a Hill Orc Fighter on Dec 11, 2020.
             Was the Champion of Okawaru.
             Killed from afar by a frost giant (10 damage)
             ... with a bolt of cold
             ... on level 15 of the Dungeon.
             The game lasted 00:57:32 (15452 turns).

Clowwww the Severer (Hill Orc Fighter)             Turns: 15452, Time: 00:57:32

Health: 0/113      AC: 21    Str: 24    XL:     14   Next: 26%
Magic:  14/16      EV: 14    Int:  8    God:    Okawaru [******]
Gold:   1172       SH: 21    Dex: 10    Spells: 13/13 levels left

rFire    + . .     SeeInvis .   u - +5 hand axe (elec)
rCold    + + +     Gourm    .   t - +2 kite shield
rNeg     . . .     Faith    .   k - +1 scale mail {rC+}
rPois    +         Spirit   .   M - +2 helmet
rElec    +         Reflect  +   V - +2 cloak
rCorr    +         Harm     .   J - +0 pair of gloves
MR       +....                  i - +0 pair of boots
Stlth    ++........             h - amulet of reflection
HPRegen  0.28/turn              D - ring of protection from cold
MPRegen  0.15/turn              O - ring of resist corrosion

@: resistant (expiring), heroism, very slightly contaminated, heavily drained
A: frail 1, sense surroundings 1, MP-powered wands
a: Heroism, Finesse, Renounce Religion


You were on level 15 of the Dungeon.
You worshipped Okawaru.
Okawaru was exalted by your worship.
You were not hungry.

You visited 2 branches of the dungeon, and saw 16 of its levels.
You also visited: Ice Cave.

You collected 1172 gold pieces.

Inventory:

Hand Weapons
 u - a +5 hand axe of electrocution (weapon)
 K - a +2 hand axe of flaming
Missiles
 l - 8 javelins (quivered)
 m - 2 throwing nets
Armour
 i - a +0 pair of boots (worn)
 k - a +1 scale mail of cold resistance (worn)
 t - a +2 kite shield (worn)
 J - a +0 pair of gloves (worn)
 M - a +2 helmet (worn)
 V - a +2 cloak (worn)
Jewellery
 e - an uncursed ring of protection from fire
 h - an amulet of reflection (around neck)
 C - the ring "Depromif" {Fire rPois Str+3}
   (You acquired it on level 8 of the Dungeon)

   [ring of fire]

   It enhances your fire magic.
   It affects your strength (+3).
   It protects you from fire.
   It makes you vulnerable to cold.
   It protects you from poison.
 D - a ring of protection from cold (left hand)
 O - a ring of resist corrosion (right hand)
 P - a cursed ring of attention {unknown}
 Q - an uncursed ring of positive energy
Wands
 a - a wand of digging (22)
 o - a wand of paralysis (7)
 r - a wand of acid (12)
 A - a wand of random effects (16)
 N - a wand of flame (13)
 U - a wand of polymorph (8)
Scrolls
 b - 4 scrolls of fear
 s - 2 scrolls of blinking
 v - a scroll of identify
 y - 5 scrolls of magic mapping
 z - 9 scrolls of teleportation
 E - 6 scrolls of amnesia
 F - a scroll of fog
 H - 3 scrolls of remove curse
 S - a scroll of enchant weapon
 T - a scroll of enchant armour
Potions
 d - 5 potions of might
 g - a potion of stabbing
 j - 3 potions of invisibility
 n - 13 potions of curing
 p - 3 potions of brilliance
 q - 3 potions of lignification
 w - 6 potions of haste
 B - a potion of cancellation
 G - 3 potions of flight
 I - 2 potions of berserk rage {unknown}
 L - 2 potions of magic
Comestibles
 f - 25 rations


   Skills:
 + Level 12.1(15.1) Fighting
 + Level 16.2(19.0) Axes
 + Level 3.8(7.2) Throwing
 + Level 10.2(13.3) Armour
 + Level 6.3(9.5) Dodging
 + Level 3.5(6.9) Stealth
 + Level 13.7(16.6) Shields
 + Level 0.1(3.6) Unarmed Combat
 + Level 3.3(1.9) Invocations
 + Level 0.7(0.0) Evocations


You had 13 spell levels left.
You didn't know any spells.
Your spell library contained the following spells:

 Spells                   Type           Power        Failure   Level  Hunger
 Foxfire                  Conj/Fire      #...         63%         1    ##.....
 Magic Dart               Conj           #...         63%         1    ##.....
 Searing Ray              Conj           #.....       77%         2    ###....
 Conjure Flame            Conj/Fire      #.......     94%         3    ####...
 Dazzling Flash           Conj/Hex       #.....       94%         3    ####...
 Inner Flame              Hex/Fire       #.......     94%         3    ####...
 Fulminant Prism          Conj/Hex       #.........   100%        4    #####..
 Iskenderun's Mystic Bla  Conj/Tloc      #.......     100%        4    #####..
 Sticky Flame             Conj/Fire      #.......     100%        4    #####..
 Fireball                 Conj/Fire      #.........   100%        5    ######.


Dungeon Overview and Level Annotations

Branches:
Dungeon (15/15)            Temple (1/1) D:7            Lair (0/6) D:10
    Orc (0/2) D:9          Vaults (0/5) D:13         Depths (0/5) D:15
  IceCv (visited)

Altars:
Ashenzari
Cheibriados
Dithmenos
Elyvilon
Fedhas
Gozag
Hepliaklqana
Kikubaaqudgha
Makhleb
Nemelex Xobeh
Okawaru
Qazlal
Ru
Sif Muna
Trog
Uskayaw
Vehumet
Wu Jian
Xom
Yredelemnul
Zin
The Shining One
Lugonu

Shops:
D:5 %   D:6 %


Innate Abilities, Weirdness & Mutations

You are frail. (-10% HP)
You passively map a small area around you.
You expend magic power (3 MP) to strengthen your wands.


Message History

You barely miss the frost giant.
The frost giant is moderately wounded.
You slash the frost giant!
Lightning courses through the frost giant!
The frost giant is heavily wounded.
You block the frost giant's attack.
You hit the frost giant but do no damage.
The frost giant is heavily wounded.
You hit the frost giant but do no damage.
The frost giant is heavily wounded.
Your scale mail prevents you from hitting the frost giant.
The frost giant is heavily wounded.
The frost giant points at you and mumbles some strange words.
The bolt of cold misses you.
You hit the frost giant.
The frost giant is heavily wounded.
You start to feel less resistant.
The frost giant points at you and mumbles some strange words.
The bolt of cold hits you! You resist.
You die...

#.# #.#C###≈≈≈#.≈###.#
#.# #.#)..C(..(≈≈# #.#
#.# #.############ #.#
#.# #.# #.# #.# #.# #.#
#.# #.# #.. #.# #.# ###
#.# #.#
#.####@################
#......C...............
######.################
###


You could see a frost giant.

Vanquished Creatures
  Jorgrun (D:14)
  Kirke (D:12)
  Nessos (D:14)
  An ogre mage (D:15)
  2 hydras
  2 centaur warriors
  2 dancing weapons (D:13)
  7 two-headed ogres
  5 unseen horrors
  Pikel (D:7)
  An orc knight (D:14)
  2 cyclopes
  2 deep elf magi
  9 ugly things
  A manticore (D:11)
  2 ice statues (IceCv)
  2 gargoyles
  5 kobold demonologists
  A freezing wraith (D:14)
  A yaktaur (D:15)
  2 tengu conjurers (D:14)
  4 trolls
  A meliai (D:14)
  A harpy zombie (D:15)
  2 dream sheep (D:9)
  3 slime creatures (D:12)
  2 hippogriffs (D:13)
  A centaur simulacrum (D:15)
  2 shadows
  A vampire (D:13)
  4 water elementals (D:15)
  2 wraiths (D:12)
  Eustachio (D:4)
  8 yaks
  6 hogs (D:12)
  9 vampire mosquitoes
  2 hungry ghosts
  A water moccasin (D:8)
  6 orc warriors
  2 sky beasts (D:9)
  A black bear (D:9)
  8 ice beasts
  4 phantoms
  A boggart (D:14)
  3 eyes of draining
  7 ogres
  16 centaurs
  3 wolves (D:10)
  A crocodile (D:11)
  4 big kobolds
  3 bullfrogs
  A wyvern skeleton (D:14)
  3 scorpions
  3 killer bees (D:7)
  13 wights
  4 electric eels
  4 centaur zombies
  3 howler monkeys (D:10)
  A bullfrog zombie (D:13)
  5 crimson imps
  A quasit (D:6)
  A wyvern simulacrum (D:15)
  10 hounds
  2 jellies
  2 bullfrog skeletons
  8 orc priests
  12 orc wizards
  7 centaur skeletons
  3 iguanas
  13 worker ants
  Terence (D:2)
  Natasha (thrice) (D:4)
  A hound zombie (D:5)
  A hound skeleton (D:4)
  A worker ant zombie (D:9)
  A howler monkey zombie (D:7)
  4 gnolls (D:6)
  9 adders
  4 shadow imps
  2 oozes
  An adder zombie (D:9)
  3 adder skeletons
  3 worms
  A dart slug (D:4)
  2 leopard geckos
  30 orcs
  8 bats
  8 giant cockroaches
  4 goblins
  5 hobgoblins
  9 jackals
  14 kobolds
  2 quokkas
  2 ball pythons
  6 frilled lizards
  A jackal zombie (D:6)
  A leopard gecko skeleton (D:8)
  3 rats
386 creatures vanquished.

Vanquished Creatures (others)
  An ugly thing (IceCv)
1 creature vanquished.

Grand Total: 387 creatures vanquished

Notes
Turn   | Place    | Note
-------+----------+-------------------------------------------
     0 | D:1      | Clowwww the Hill Orc Fighter began the quest for the Orb.
     0 | D:1      | Reached XP level 1. HP: 19/19 MP: 1/1
   222 | D:1      | Reached XP level 2. HP: 26/27 MP: 2/2
   720 | D:2      | Noticed Terence
   728 | D:2      | Killed Terence
   728 | D:2      | Reached skill level 3 in Axes
   728 | D:2      | Reached XP level 3. HP: 33/33 MP: 3/3
   861 | D:2      | Reached skill level 4 in Axes
   905 | D:2      | Reached XP level 4. HP: 40/40 MP: 4/4
  1630 | D:3      | Found a faded altar of an unknown god.
  1990 | D:3      | Reached XP level 5. HP: 46/46 MP: 5/5
  2242 | D:4      | You fall into a shaft and drop 1 floor!
  2242 | D:5      | Entered Level 5 of the Dungeon
  2262 | D:5      | Found Paromaq's Food Boutique.
  2364 | D:4      | Noticed Natasha
  2367 | D:4      | Reached skill level 5 in Axes
  2369 | D:4      | Killed Natasha
  2369 | D:4      | Reached skill level 1 in Dodging
  2371 | D:4      | Reached XP level 6. HP: 44/53 MP: 3/6
  2436 | D:4      | Noticed Eustachio
  2445 | D:4      | Killed Eustachio
  2445 | D:4      | Reached skill level 6 in Axes
  2538 | D:4      | Noticed Natasha
  2542 | D:4      | Killed Natasha
  2569 | D:4      | Noticed Natasha
  2571 | D:4      | Killed Natasha
  2571 | D:4      | Reached XP level 7. HP: 60/60 MP: 7/7
  2631 | D:4      | Reached skill level 1 in Throwing
  2810 | D:4      | Found a bloodstained altar of Trog.
  2810 | D:4      | Found a glowing silver altar of Zin.
  3163 | D:5      | Reached skill level 5 in Fighting
  3183 | D:5      | Reached skill level 7 in Axes
  3275 | D:5      | Reached skill level 5 in Shields
  3434 | D:5      | Found a hide-covered altar of Uskayaw.
  3779 | D:6      | Reached XP level 8. HP: 64/68 MP: 8/8
  3919 | D:6      | Found Ezaokhat's Food Shop.
  4120 | D:6      | Got a slimy leather armour
  4131 | D:6      | Identified the +1 leather armour of the Lute {*Contam rElec
                  | Regen+} (You found it on level 6 of the Dungeon)
  4220 | D:6      | Reached skill level 8 in Axes
  4220 | D:6      | Reached skill level 5 in Armour
  4573 | D:7      | Found a staircase to the Ecumenical Temple.
  4588 | Temple   | Entered the Ecumenical Temple
  4943 | D:7      | Found a shattered altar of Ashenzari.
  5487 | D:7      | Noticed Pikel
  5500 | D:7      | Killed Pikel
  5500 | D:7      | Reached skill level 9 in Axes
  5500 | D:7      | Reached XP level 9. HP: 59/75 MP: 9/9
  6128 | D:8      | Found a sparkling altar of Nemelex Xobeh.
  6128 | D:8      | Found a stormy altar of Qazlal.
  6194 | D:8      | Identified a scroll of acquirement
  6194 | D:8      | Acquired the ring "Depromif" {Fire rPois Str+3}
  6210 | D:8      | Reached skill level 10 in Axes
  6330 | D:8      | Found a shadowy altar of Dithmenos.
  6542 | D:9      | Noticed a two-headed ogre
  6552 | D:9      | Killed a two-headed ogre
  6552 | D:9      | Reached skill level 11 in Axes
  6552 | D:9      | Reached skill level 1 in Stealth
  6552 | D:9      | Reached XP level 10. HP: 78/86 MP: 10/10
  6710 | D:9      | Found a staircase to the Orcish Mines.
  6769 | D:9      | Found a sacrificial altar of Ru.
  6853 | D:9      | Noticed a three-headed hydra
  6859 | D:9      | Killed a one-headed hydra
  7148 | D:9      | Found an iron altar of Okawaru.
  7155 | D:9      | Became a worshipper of Warmaster Okawaru
  7176 | D:9      | Reached skill level 12 in Axes
  7503 | D:10     | Entered Level 10 of the Dungeon
  7587 | D:10     | Found a staircase to the Lair.
  7616 | D:10     | Reached XP level 11. HP: 26/94 MP: 11/11
  7704 | D:10     | Reached * piety under Okawaru
  8393 | D:11     | Noticed a manticore
  8403 | D:11     | Killed a manticore
  8654 | D:11     | Noticed a two-headed ogre
  8663 | D:11     | Killed a two-headed ogre
  8663 | D:11     | Reached ** piety under Okawaru
  8723 | D:11     | Found a corrupted altar of Lugonu.
  8758 | D:11     | Reached skill level 13 in Axes
  9295 | D:12     | Reached skill level 10 in Shields
  9712 | D:12     | Reached *** piety under Okawaru
  9727 | D:12     | Noticed a cyan ugly thing
  9740 | D:12     | Killed a cyan ugly thing
  9740 | D:12     | Reached XP level 12. HP: 40/104 MP: 12/12
 10050 | D:12     | Noticed a two-headed ogre
 10053 | D:12     | Noticed Kirke
 10054 | D:12     | Reached **** piety under Okawaru
 10058 | D:12     | Reached skill level 14 in Axes
 10081 | D:12     | Killed a two-headed ogre
 10173 | D:13     | Gained mutation: You are frail. (-10% HP) [potion of
                  | mutation]
 10173 | D:13     | Gained mutation: You passively map a small area around you.
                  | [potion of mutation]
 10173 | D:13     | Gained mutation: You expend magic power (3 MP) to
                  | strengthen your wands. [potion of mutation]
 10178 | D:13     | Reached ***** piety under Okawaru
 10192 | D:12     | Noticed a sphinx
 10196 | D:12     | Killed Kirke
 10788 | D:13     | Received a gift from Okawaru
 10788 | D:13     | Reached skill level 1 in Invocations
 10810 | D:13     | Reached skill level 10 in Fighting
 11171 | D:13     | Found a gate to the Vaults.
 11225 | D:13     | Reached skill level 5 in Dodging
 11866 | D:14     | Noticed Jorgrun
 11884 | D:14     | Killed Jorgrun
 11884 | D:14     | Received a gift from Okawaru
 11884 | D:14     | Reached skill level 15 in Axes
 11884 | D:14     | Reached XP level 13. HP: 72/102 MP: 11/14
 11888 | D:14     | Got a crystal broad axe {god gift}
 11889 | D:14     | Identified the +2 broad axe "Ducliesm" {flame, Int+4 Dex-5
                  | Stlth+} (Okawaru gifted it to you on level 14 of the
                  | Dungeon)
 11916 | D:14     | Found a frozen archway.
 11925 | IceCv    | Entered an ice cave
 11938 | IceCv    | Found a transporter.
 11968 | IceCv    | Found a transporter.
 12085 | IceCv    | Got a crude short sword
 12318 | IceCv    | Identified the +6 short sword "Mizoam" {drain, Dex+2} (You
                  | found it in an ice cave)
 12394 | D:14     | Noticed Nessos
 12432 | D:14     | Received a gift from Okawaru
 12451 | D:14     | Killed Nessos
 12946 | D:14     | Got a polished helmet
 13661 | D:15     | Entered Level 15 of the Dungeon
 13737 | D:15     | Reached ****** piety under Okawaru
 13749 | D:15     | Received a gift from Okawaru
 13750 | D:15     | Reached skill level 10 in Armour
 14196 | D:15     | Noticed an ogre mage
 14203 | D:15     | Killed an ogre mage
 14203 | D:15     | Received a gift from Okawaru
 14207 | D:15     | Reached XP level 14. HP: 112/112 MP: 8/16
 14226 | D:15     | Reached skill level 16 in Axes
 14767 | D:15     | Identified the +0 helmet "Noteni" {*Drain rPois Dex+9} (You
                  | found it on level 14 of the Dungeon)
 15388 | D:15     | Found a staircase to the Depths.
 15388 | D:15     | Noticed a frost giant
 15452 | D:15     | Killed from afar by a frost giant

Illustrated notes

Levels and vault maps discovered:
D:1:      minmay_arrival_shoal_huts, layout_basic, st_stairs_1
D:2:      layout_loops_ring, uniq_terence
D:3:      layout_loops_corners, first_ration,
          chequers_ecumenical_altar_simple_redux, chequers_jeans
D:4:      layout_rooms, gammafunk_temple_overflow_elements,
          hangedman_abyss_or_decor_stabs, uniq_natasha, uniq_eustachio
D:5:      layout_gridville, kennysheep_mini_moat, serial_shops, shop_statue,
          roderic_lattice_a
D:6:      layout_basic, serial_shops, shop
D:7:      layout_basic, nicolae_ashenzari_panopticon,
          minmay_temple_entry_slanted, uniq_pikel
D:8:      layout_basic, gammafunk_temple_overflow_statue,
          grunt_dithmenos_shadows
D:9:      layout_small_grid, old_standard_altar, david_orc_2, hangedman_ranch
          [blue_anna_fruit_fields], nicolae_ru_the_path_less_chosen
D:10:     layout_roguey, erik_lair_island
D:11:     kennysheep_kobold_lugonu_temple, layout_basic, nrook_uturn
D:12:     layout_layer_cave, uniq_kirke
D:13:     layout_rooms, erik_vaults_1, kennysheep_generic_room_2
D:14:     minmay_triangles_in_corner, layout_loops_ring,
          portal_ice_cave_entry_pillars_2, uniq_jorgrun, uniq_nessos
D:15:     grunt_enter_depths_snipers, layout_basic, minmay_misc_feat_columns,
          chequers_big_river, kennysheep_doodads
Temple:   jpeg_temple_clearing

Skill      XL: |  1  2  3  4  5  6  7  8  9 10 11 12 13 14 |
---------------+-------------------------------------------+-----
Fighting       | 4 5 6 7 8 9 10 11 12 | 12.1
Axes           | 3 4 5 6 7 9 11 12 13 15 16 | 16.2
Shields        | 4 5 7 8 9 10 11 13 | 13.7
Armour         | 4 5 6 7 8 9 10 | 10.2
Dodging        | 1 2 3 4 5 6 |  6.3
Throwing       | 1 2 3 |  3.8
Stealth        | 1 2 3 |  3.5
Invocations    | 1 2 3 |  3.3
Unarmed Combat | |  0.1
Evocations     | |  0.7

Action                   |  1- 3 |  4- 6 |  7- 9 | 10-12 | 13-15 || total
-------------------------+-------+-------+-------+-------+-------++-------
Melee: War axe           |    46 |       |       |       |       ||    46
       Hand axe          |    24 |   110 |   258 |   449 |   341 ||  1182
       Unarmed           |       |       |       |     1 |       ||     1
Throw: Javelin           |    20 |    12 |    15 |    31 |     2 ||    80
Invok: Heroism           |       |       |       |     3 |     5 ||     8
       Finesse           |       |       |       |       |     2 ||     2
Evoke: Wand              |       |       |     1 |     3 |       ||     4
  Use: Scroll            |       |    12 |     9 |     5 |     4 ||    30
       Potion            |       |       |       |     4 |     4 ||     8
 Stab: Paralysed         |       |       |     6 |       |       ||     6
       Distracted        |       |       |       |       |     1 ||     1
  Eat: Chunk             |       |     6 |     5 |    15 |     1 ||    27
       Ration            |       |       |     2 |     1 |     3 ||     6
Armor: Scale mail        |    36 |    34 |    59 |    94 |   116 ||   339
Dodge: Dodged            |    25 |    32 |    41 |    71 |    53 ||   222
Block: Kite shield       |    43 |    64 |   179 |   299 |   231 ||   816
       Reflection        |       |       |     7 |    30 |    13 ||    50
